 Dungeon Crawl Stone Soup version 0.25-a0-667-gb977e01cb5 (webtiles) character file.

Game seed: 9845107732770855478, levelgen mode: deterministic

114 sanka the Scratcher (level 4, 22/22 HPs)
             Began as a Felid Wanderer on Mar 27, 2020.
             Was an Initiate of Okawaru.
             Quit the game on level 4 of the Dungeon.
             The game lasted 00:05:50 (3538 turns).

sanka the Scratcher (Felid Wanderer)                Turns: 3538, Time: 00:05:51

Health: 22/22      AC:  1    Str:  6    XL:     4   Next: 66%
Magic:  6/6        EV: 18    Int: 16    God:    Okawaru [......]
Gold:   220        SH:  0    Dex: 16    Spells: 3/3 levels left
                                        Lives:  0   Deaths: 1

rFire    . . .     SeeInvis +     - Unarmed
rCold    . . .     Gourm    .   (shield unavailable)
rNeg     . . .     Faith    .   (armour unavailable)
rPois    .         Spirit   .   (helmet unavailable)
rElec    .         Reflect  .   (cloak unavailable)
rCorr    +         Harm     .   (gloves unavailable)
MR       .....                  (boots unavailable)
Stlth    +++.......             (no amulet)
HPRegen  0.07/turn              l - ring of resist corrosion
MPRegen  0.10/turn              (no ring)

@: quick
A: very small, no armour, no weapons or thrown items, stealth, claws 1, fangs 3,
see invisible, carnivore, speed 1, shaggy fur 1, slow metabolism 1, sharp paws
a: Renounce Religion


You were on level 4 of the Dungeon.
You worshipped Okawaru.
Okawaru was noncommittal.
You were not hungry.

You visited 1 branch of the dungeon, and saw 4 of its levels.

You collected 220 gold pieces.


Innate Abilities, Weirdness & Mutations

You cannot wear armour.
You are incapable of wielding weapons or throwing items.
Your paws allow you to move quietly. (Stealth)
You have sharp claws.
You have razor-sharp teeth.
You have supernaturally acute eyesight. (SInv)
You are carnivorous and can eat meat at any time.
You cover ground quickly.
You are covered in fur. (AC +1)
You have a slow metabolism.
Your sharp claws are effective at attacking unaware monsters.


   Skills:
 - Level 4.0 Fighting
 - Level 2.6 Dodging
 - Level 2.6 Stealth
 + Level 5.2 Unarmed Combat
 + Level 2.5 Evocations


You had 3 spell levels left.
You didn't know any spells.
Your spell library was empty.

Inventory:

Jewellery
 l - a ring of resist corrosion (left paw)
Wands
 j - a wand of flame (9)
 o - a wand of acid (8)
 p - a wand of paralysis (5)
 r - a wand of disintegration (19)
Scrolls
 b - 3 scrolls of teleportation {@r4}
 f - a scroll of magic mapping
 h - a scroll of blinking
 m - a scroll of fog
Potions
 a - 4 potions of haste {@q3}
 c - a potion of lignification {!q}
 e - a potion of flight {unknown}
 g - a potion of brilliance
 i - a potion of stabbing
 k - a potion of berserk rage {unknown}
Comestibles
 d - 6 rations
 q - 4 chunks of flesh

Dungeon Overview and Level Annotations

Branches:
Dungeon (4/15)             Temple (0/1) D:4

Altars:
Okawaru
Qazlal
The Shining One

..▒▒▒▒▒▒▒▒▒ ▒.▒.......▒
▒.▒.......▒ ▒.........▒
▒▒........▒
▒....▒.▒..▒▒▒▒▒▒..
▒.<..▒.▒▒.........
▒.▒▒▒▒..........▒▒▒▒▒.▒
.......h..▒.▒▒▒.▒▒ .▒
..▒.......▒.▒ ▒..▒ ▒.▒
▒..▒▒...<▒.▒ ▒▒.▒▒▒..▒▒
▒.▒ ▒....▒.▒ ▒........
... ▒.▒.▒▒.▒ ▒▒▒▒..[▒▒
▒▒ ...▒.▒▒.▒ ▒....▒
..▒▒▒.▒▒.▒ ▒....▒▒ .▒▒
▒▒.▒▒)▒▒▒▒▒▒......
▒.(..............▒


There were no monsters in sight!


Message History

You claw the bullfrog skeleton!
The bullfrog skeleton is almost destroyed.
The bullfrog skeleton misses you. The bullfrog skeleton misses you.
You scratch the bullfrog skeleton.
You destroy the bullfrog skeleton!
Okawaru accepts your kill.
No target in view!
No target in view!
You start resting.
You eat one of the 3 chunks of flesh.
HP restored.
You see here a quokka corpse.
q - 4 chunks of flesh (gained 2)
You see here a quokka skeleton.
Unknown command.
Found 7 gold pieces.
You now have 220 gold pieces (gained 7).
An ogre comes into view. It is wielding a +0 giant club.
An ogre is nearby!
The ogre shouts!
You scratch the ogre.
The ogre is lightly wounded.
The ogre hits you with a +0 giant club!!
Ouch! That really hurt!
You die...
You are now level 4!
You rejoin the land of the living...
Unknown command.
Are you sure you want to abandon this character and quit the game? (Confirm with "yes".)

Action                   |  1- 3 |  4- 6 || total
-------------------------+-------+-------++-------
Melee: Unarmed           |   133 |   103 ||   236
       Bite              |    11 |     6 ||    17
       Punch             |     1 |     2 ||     3
Evoke: Wand              |       |     1 ||     1
  Use: Scroll            |     6 |     2 ||     8
 Stab: Distracted        |     1 |       ||     1
       Sleeping          |     3 |     2 ||     5
  Eat: Chunk             |     9 |     4 ||    13
Armor: Skin              |     3 |     1 ||     4
Dodge: Dodged            |    98 |    72 ||   170

Levels and vault maps discovered:
D:1:      sevenhm_arrival_forest_fort_small_4, layout_loops_ring
D:2:      layout_basic, tso_oasis_becter, okawaru_gym_becter, first_ration
D:3:      layout_loops_ring, nicolae_qazlal_style_of_elements, uniq_ijyb
D:4:      layout_rooms, chequers_temple_overflow_statue_of_worship,
          minmay_temple_entry_large_hall, serial_shops, shop,
          lightli_corner_chamber

Notes
Turn   | Place    | Note
-------+----------+-------------------------------------------
     0 | D:1      | sanka the Felid Wanderer began the quest for the Orb.
     0 | D:1      | sanka set off with the following items: 2 potions of haste
                  | {@q3}, a scroll of teleportation {@r4}, a potion of
                  | lignification {!q}, a ration
     0 | D:1      | Reached XP level 1. HP: 11/11 MP: 2/2
   225 | D:1      | Reached skill level 2 in Unarmed Combat
   351 | D:1      | Reached XP level 2. HP: 15/15 MP: 3/3
   936 | D:1      | Reached skill level 3 in Unarmed Combat
   955 | D:2      | Reached XP level 3. HP: 16/18 MP: 4/4
  1808 | D:2      | Found a glowing golden altar of the Shining One.
  1881 | D:2      | Found an iron altar of Okawaru.
  1884 | D:2      | Reached skill level 4 in Unarmed Combat
  1884 | D:2      | Reached XP level 4. HP: 22/22 MP: 5/5
  1890 | D:2      | Became a worshipper of Warmaster Okawaru
  2167 | D:3      | Found a stormy altar of Qazlal.
  2169 | D:3      | Noticed an air elemental
  2170 | D:3      | Noticed a water elemental
  2170 | D:3      | Noticed an earth elemental
  2170 | D:3      | Noticed a fire elemental
  2406 | D:3      | Noticed Ijyb
  2412 | D:3      | Paralysed by Ijyb for 3 turns
  2419 | D:3      | Killed Ijyb
  2918 | D:3      | Reached XP level 5. HP: 16/25 MP: 6/6
  3320 | D:3      | Reached skill level 5 in Unarmed Combat
  3476 | D:4      | Reached skill level 2 in Evocations
  3489 | D:4      | Found a staircase to the Ecumenical Temple.
  3535 | D:4      | Noticed an ogre
  3537 | D:4      | Slain by an ogre
  3538 | D:4      | Reached XP level 4. HP: -1/22 MP: 6/6
  3538 | D:4      | Quit the game

Vanquished Creatures
  A bullfrog skeleton (D:4)
  Ijyb (D:3)
  A hound zombie (D:4)
  4 adders
  4 gnolls (D:3)
  An ooze (D:2)
  An adder skeleton (D:4)
  2 worms
  3 leopard geckos
  6 orcs
  A ball python (D:2)
  3 bats
  3 giant cockroaches
  8 goblins
  7 hobgoblins
  3 quokkas
  6 frilled lizards
  3 kobolds
  A rat (D:1)
59 creatures vanquished.
